cohdb
Replays
Latest Replays
All Replays
Popular Replays
Top Player Replays
Match Explorer
How It Works
Community
CoH3 Stats
Reddit
Sign in to upload your games and track your stats! →
Sign in with Steam
Match 42057045
Unlisted
Match 42057045
Overview
Messages
Build Orders
End
Panzergrenadier Squad
Kradschützen Motorcycle Team
Selects Panzerjäger Kommand Battlegroup
Selects Blockade Equipment
Panzergrenadier Squad
Construct Light Support Kompanie
Fire Support Elements
Flakvierling Half-track
Panzerjäger Mechanized Group
Combat Half-tracks
Selects Tank Busters
MG34 Team
Vehicle Survival Package
Pak 38 Anti-tank Gun Team
Construct Panzerarmee Kommand
Emergency Repair Kits
Selects Defensive Positions
Panzer III L Medium Tank
Panzerjäger Mechanized Group
Panzer III L Medium Tank
Selects Butterfly Bomb Drop
Butterfly Bomb Drop
[82AD] PaulVmax
Blanco
MoriMusic
Tiger II
Dr.eiser
HAK
0
0
Comments
sign in to comment!
No comments posted yet!